 Dungeon Crawl Stone Soup version 0.21.1-1-g345015fe64 (webtiles) character file.

56 Jannitor the Vexing (level 3, 0/20 HPs)
             Began as a Deep Elf Arcane Marksman on June 8, 2018.
             Slain by Robin
             ... wielding a +0 short sword
              (4 damage)
             ... on level 2 of the Dungeon.
             The game lasted 00:04:06 (1618 turns).

Jannitor the Vexing (Deep Elf Arcane Marksman)      Turns: 1618, Time: 00:04:06

Health: 0/20       AC:  2    Str:  8    XL:     3   Next: 69%
Magic:  1/7        EV: 15    Int: 17    God:
Gold:   62         SH:  0    Dex: 15    Spells: 2/5 levels left

rFire    . . .     SeeInvis .   b - +0 short sword
rCold    . . .     Gourm    .   (no shield)
rNeg     . . .     Faith    .   l - +0 robe (curse)
rPois    .         Spirit   .   (no helmet)
rElec    .         Reflect  .   (no cloak)
rCorr    .         Harm     .   (no gloves)
MR       .....                  (no boots)
Stlth    +.........             (no amulet)
HPRegen  0.06/turn              (no ring)
MPRegen  0.10/turn              (no ring)

@: very slightly contaminated
A: repulsion field 1, wild magic 1
a: no special abilities


You were on level 2 of the Dungeon.
You were not hungry.

You visited 1 branch of the dungeon, and saw 3 of its levels.

You collected 62 gold pieces.

Inventory:

Hand Weapons
 a - a +0 shortbow
 b - a +0 short sword (weapon)
Missiles
 d - 29 arrows
 q - 8 tomahawks (quivered)
Armour
 e - a +0 robe
 g - a +0 helmet
 l - a cursed +0 robe (worn)
Jewellery
 k - a cursed amulet of inaccuracy
 o - an uncursed ring of resist corrosion {unknown}
Scrolls
 i - a scroll of fog
 j - a scroll of magic mapping {unknown}
 p - a scroll of remove curse
Books
 c - a book of Debilitation

   Spells                             Type                      Level
   a - Corona                         Hexes                        1
   b - Slow                           Hexes                        2
   c - Inner Flame                    Hexes/Fire                   3
   d - Portal Projectile              Hexes/Translocation          3
   e - Cause Fear                     Hexes                        4
   f - Leda's Liquefaction            Hexes/Earth                  4
Comestibles
 f - 2 rations
 h - 2 chunks of flesh


   Skills:
 + Level 1.4 Fighting
 + Level 2.9 Bows
 + Level 3.2 Dodging
 - Level 1.5 Spellcasting
 + Level 4.7 Hexes


You had 2 spell levels left.
You knew the following spells:

 Your Spells              Type           Power        Failure   Level  Hunger
a - Corona                Hex            ###....      4%          1    ##.....
b - Slow                  Hex            ###.....     7%          2    ###....


Dungeon Overview and Level Annotations

Branches:
Dungeon (3/15)

Altars:

Annotations:
D:2 Robin


Innate Abilities, Weirdness & Mutations

You are surrounded by a mild repulsion field. (EV +2)
Your spells are a little harder to cast, but a little more powerful.


Message History

The goblin no longer looks unusually strong. x2
The goblin closely misses you.
You hit Robin but do no damage.
Robin is lightly wounded.
The goblin completely misses you.
You closely miss the goblin. Robin barely misses you.
The goblin hits you with a club.
* * * LOW HITPOINT WARNING * * *
You hit the goblin.
The goblin is moderately wounded.
The goblin completely misses you.
Robin roars a battlecry!
The goblins go into a battle-frenzy!
You hit the goblin.
The goblin is severely wounded.
The goblin closely misses you.
You hit the goblin.
You kill the goblin!
Robin hits you with a short sword.
You die...

#.####..##########.##
#.####..# #.#
#.#....># #.#
#.#.##### #.#
#.#.##############.#
##.#.............##.#
.....###########.##†#
.............. #)##.#
##.#.....#####.#@##.#
#.#...........#g##.##
#.###...#.#.#.gg....#
#.# #...# # #.#.#..##
#.###..)###.#.#.#..#
#......<....(..(#..#
#####..###########.#
#### ###


You could see Robin and 2 goblins.

Vanquished Creatures
  An adder (D:2)
  A dart slug (D:1)
  2 leopard geckos
  3 bats
  3 giant cockroaches
  9 goblins
  4 hobgoblins
  2 jackals (D:1)
  A frilled lizard (D:1)
  6 kobolds
  2 rats (D:1)
34 creatures vanquished.

Notes
Turn   | Place    | Note
-------+----------+-------------------------------------------
     0 | D:1      | Jannitor the Deep Elf Arcane Marksman began the quest for the Orb.
     0 | D:1      | Reached XP level 1. HP: 11/11 MP: 5/5
   370 | D:1      | Reached skill level 1 in Fighting
   396 | D:1      | Reached XP level 2. HP: 16/16 MP: 4/6
   901 | D:2      | Reached XP level 3. HP: 20/20 MP: 7/7
   940 | D:2      | Gained mutation: Your spells are a little harder to cast, but a little more powerful. [potion of mutation]
   940 | D:2      | Gained mutation: You are surrounded by a mild repulsion field. (EV +2) [potion of mutation]
   940 | D:2      | Gained mutation: You tend to lose your temper in combat. [potion of mutation]
   940 | D:2      | Lost mutation: You tend to lose your temper in combat. [potion of mutation]
   982 | D:2      | HP: 1/20 [poisoned by an adder]
   988 | D:2      | HP: 1/20 [poisoned by an adder]
  1365 | D:2      | Learned a level 2 spell: Slow
  1598 | D:2      | Noticed Robin
  1618 | D:2      | Slain by Robin

Skill      XL: |  1  2 |
---------------+-------+-----
Fighting       | 1 |  1.4
Dodging        | 3 |  3.2
Bows           | |  2.9
Spellcasting   | |  1.5
Hexes          | |  4.7

Action                   || total
-------------------------++-------
Melee: Short sword       ||    37
 Fire: Shortbow          ||    69
 Cast: Corona            ||    27
       Slow              ||     1
  Use: Potion            ||     6
       Scroll            ||     3
 Stab: Invisible         ||     5
  Eat: Ration            ||     1
Armor: Robe              ||     9
Dodge: Dodged            ||    90
